Map: [ESL] Dragon Scales

Players

HeroMarine

  • Race: Terran Terran
  • Spawn Location: 11:00

Spirit - Winner!

  • Race: Terran Terran
  • Spawn Location: 5:00

Event: ESL SC2 Masters 2023 Summer (Finals)

VOD

Have the link to the VOD?

Description

Time

  • Played on: June 17, 2023, 8:20 a.m.
  • Length: 11:14

All games in this series

Show
View Real Time Build Order
Export as new Build Order

HeroMarine Terran 

Build Orders:  

Get SALT Encoding   

  12  0:00  SCV  
  13  0:12  SCV  
  14  0:17  Supply Depot  
  14  0:24  SCV  
  15  0:39  SCV  
  15  0:40  Barracks  
  16  0:43  Refinery  
  16  0:51  SCV  
  16  0:55  Refinery  
  17  1:03  SCV  
  18  1:15  SCV  
  19  1:26  Reaper  
  19  1:27  Orbital Command  
  19  1:30  Supply Depot  
  20  1:41  Factory  
  20  1:52  SCV  
  21  1:58  Reaper  
  22  2:04  SCV  
  23  2:16  Command Center  
  23  2:17  SCV  
  24  2:25  Hellion  
  24  2:29  SCV  
  27  2:35  Supply Depot  
  27  2:36  Barracks Reactor  
  27  2:41  SCV  
  28  2:47  Starport  
  28  2:48  Widow Mine  
  30  2:54  SCV  
  31  3:06  SCV  
  31  3:10  Factory Tech Lab  
  31  3:12  Marine x2  
  32  3:15  Refinery  
  32  3:18  SCV  
  35  3:25  Starport Tech Lab  
  35  3:28  Orbital Command  
  35  3:30  SCV  
  35  3:32  Marine, Cyclone  
  35  3:33  Marine  
  41  3:42  SCV  
  41  3:44  Raven  
  44  3:50  Marine  
  44  3:52  Marine  
  44  3:54  SCV, Supply Depot  
  44  3:55  SCV  
  48  4:04  Siege Tank  
  48  4:06  SCV  
  48  4:07  SCV  
  53  4:18  Raven, SCV  
  53  4:19  SCV  
  57  4:28  Command Center  
  57  4:31  SCV x2  
  59  4:39  Supply Depot  
  59  4:40  Siege Tank  
  62  4:53  Supply Depot  
  62  5:01  SCV x2, Supply Depot  
  62  5:02  Stimpack  
  62  5:03  Viking x2  
  62  5:05  Marine  
  69  5:13  SCV x2  
  70  5:17  Siege Tank  
  73  5:22  Marine  
  73  5:25  SCV x2  
  76  5:37  SCV x2  
  76  5:40  Barracks, Marine  
  76  5:42  Barracks  
  74  5:43  Starport Reactor  
  74  5:47  Engineering Bay  
  74  5:48  Engineering Bay  
  74  5:49  SCV x2, Siege Tank  
  79  5:54  Orbital Command  
  78  5:59  Marine  
  78  6:01  SCV x2  
  81  6:12  Barracks  
  81  6:13  Barracks, SCV x2  
  81  6:17  Marine  
  84  6:22  Siege Tank  
  87  6:25  SCV  
  87  6:26  SCV  
  87  6:27  Orbital Command  
  87  6:31  Terran Infantry Weapons Level 1, Starport Reactor, Terran Infantry Armor Level 1  
  89  6:32  Refinery  
  89  6:37  Marine x3  
  89  6:38  SCV x2  
  94  6:42  Supply Depot  
  94  6:50  SCV x2  
  94  6:51  Marine x2  
  94  6:53  Supply Depot  
  98  6:54  SCV, Combat Shield  
  98  6:55  Marine  
  98  6:59  Bunker  
  100  7:02  SCV, Supply Depot  
  100  7:04  SCV, Siege Tank  
  100  7:06  SCV  
  100  7:08  Sensor Tower  
  106  7:12  Barracks Reactor x2  
  106  7:13  Marine x3  
  106  7:14  Marine x2, SCV  
  112  7:16  SCV  
  112  7:19  SCV, Supply Depot  
  114  7:26  SCV  
  114  7:28  SCV  
  113  7:30  Marine  
  113  7:31  Marine x2, SCV  
  113  7:32  Marine x2, Medivac x2  
  113  7:35  Supply Depot  
  123  7:38  Supply Depot  
  123  7:39  SCV  
  123  7:42  SCV  
  125  7:48  Marine x2  
  125  7:49  Marine, Refinery, Supply Depot  
  125  7:50  Marine x2, Refinery  
  130  7:51  SCV, Marine  
  130  7:52  Marine  
  130  7:55  Marine  
  130  7:57  Marine, SCV  
  135  7:58  Armory  
  135  8:06  Marine x2, Medivac x2  
  135  8:07  Marine x2  
  135  8:08  Marine  
  135  8:09  Marine  
  144  8:13  SCV x3  
  144  8:16  Command Center  
  147  8:26  Marine x2, Siege Tank  
  152  8:27  Marine  
  152  8:28  Marine x2  
  152  8:33  Marine x2  
  157  8:34  Missile Turret  
  157  8:37  Barracks Reactor  
  157  8:39  Marine, Viking x2, Supply Depot  
  162  8:44  Marine  
  162  8:47  Terran Infantry Weapons Level 2  
  163  8:54  SCV x3  
  165  8:57  Terran Vehicle Weapons Level 1  
  165  8:58  Supply Depot  
  165  8:59  Supply Depot  
  165  9:01  Siege Tank  
  165  9:02  Marine x2  
  165  9:03  Marine  
  165  9:04  Marine x5  
  165  9:06  SCV  
  165  9:09  Viking x2  
  177  9:23  SCV x2  
  178  9:24  SCV, Marine  
  178  9:25  Marine x3  
  178  9:31  Marine  
  176  9:33  Siege Tank  
  176  9:35  Marine x2  
  176  9:36  Marine x3  
  176  9:38  SCV x2  
  162  9:39  Medivac x2  
  162  9:40  SCV  
  162  9:42  Marine x2  
  158  9:46  Marine x2  
  158  9:49  Marine  
  158  9:50  SCV  
  126  9:53  Marine  
  126  9:55  Marine x4  
  101  10:00  Marine x2  
  101  10:04  Marine  
  101  10:05  Marine, Siege Tank  
  101  10:06  Marine  
  93  10:14  Medivac  
  93  10:15  Medivac  
  93  10:17  Marine  
  98  10:23  Marine  
  93  10:30  Marine x2  
  93  10:33  Marine  
  81  10:37  Marine  
  81  10:38  Siege Tank  
  81  10:40  SCV  
  81  10:42  Marine x3  
  87  10:43  Marine x2  
  86  10:50  Marine  
  86  10:53  Marine x2  
Show
View Real Time Build Order
Export as new Build Order

Spirit Terran - Winner!

Build Orders:  

Get SALT Encoding   

  12  0:03  SCV  
  13  0:15  SCV  
  13  0:20  Supply Depot  
  14  0:27  SCV  
  15  0:41  Barracks, SCV  
  16  0:43  Refinery  
  16  0:53  SCV  
  16  0:55  Refinery  
  17  1:05  SCV  
  18  1:18  SCV  
  19  1:29  Reaper  
  19  1:30  Orbital Command  
  20  1:35  Supply Depot  
  20  1:42  Factory  
  20  1:55  SCV  
  20  2:01  Reaper  
  22  2:07  SCV  
  23  2:20  SCV  
  24  2:23  Command Center  
  24  2:29  Hellion  
  26  2:33  Reaper  
  26  2:35  SCV  
  28  2:41  Supply Depot  
  28  2:47  SCV  
  28  2:50  Hellion  
  31  2:57  Starport  
  31  3:02  SCV  
  32  3:05  Barracks Reactor  
  32  3:12  Factory Tech Lab  
  32  3:14  SCV  
  33  3:26  SCV  
  34  3:30  Cyclone  
  34  3:34  Starport Tech Lab  
  37  3:37  Refinery  
  37  3:39  SCV  
  38  3:41  Marine  
  38  3:42  Marine  
  40  3:51  SCV  
  40  3:52  Orbital Command  
  40  3:55  Raven  
  43  3:59  Marine x2  
  45  4:03  SCV  
  46  4:11  Supply Depot  
  46  4:15  SCV  
  47  4:18  SCV  
  48  4:27  SCV  
  48  4:28  Command Center  
  48  4:30  Raven, SCV  
  52  4:33  Stimpack  
  52  4:35  Factory Reactor  
  52  4:39  SCV  
  52  4:45  SCV  
  54  4:46  Barracks  
  54  4:49  Barracks  
  54  4:51  SCV  
  55  4:55  Supply Depot  
  55  4:57  SCV  
  55  4:59  Marine  
  57  5:03  SCV  
  57  5:06  Engineering Bay  
  58  5:14  SCV, Engineering Bay  
  59  5:16  SCV  
  59  5:17  Starport Reactor  
  59  5:19  Marine  
  61  5:23  Refinery  
  61  5:26  SCV  
  61  5:28  SCV, Siege Tank  
  64  5:37  Marine x2  
  64  5:38  Marine, SCV  
  64  5:40  SCV  
  68  5:44  Marine  
  68  5:45  Marine  
  68  5:49  Orbital Command  
  68  5:50  SCV  
  68  5:52  SCV  
  68  5:55  Marine x3  
  73  5:59  Terran Infantry Weapons Level 1, Terran Infantry Armor Level 1  
  73  6:00  Siege Tank  
  73  6:02  SCV, Marine  
  78  6:05  Marine  
  78  6:06  SCV  
  80  6:12  Supply Depot  
  80  6:13  Marine, Combat Shield  
  81  6:19  Medivac x2  
  80  6:27  Marine x2  
  80  6:32  SCV x2, Siege Tank  
  84  6:36  Supply Depot  
  84  6:40  Marine x2  
  84  6:42  Orbital Command  
  84  6:43  Marine  
  84  6:44  SCV  
  88  6:47  SCV  
  88  6:48  Marine  
  88  6:49  Marine  
  91  6:56  SCV  
  91  7:00  SCV  
  92  7:02  Marine  
  92  7:04  Siege Tank  
  92  7:07  Medivac  
  92  7:08  Marine  
  99  7:09  SCV, Supply Depot x2  
  99  7:12  SCV  
  101  7:17  SCV, Medivac, Supply Depot  
  101  7:19  Marine x2  
  101  7:21  SCV  
  107  7:23  Marine  
  107  7:24  SCV  
  107  7:26  Marine  
  109  7:30  Marine, SCV  
  109  7:33  SCV  
  109  7:34  Armory  
  109  7:36  SCV, Siege Tank  
  109  7:37  Marine  
  116  7:41  Barracks  
  116  7:42  SCV, Marine  
  119  7:45  SCV  
  119  7:46  Barracks  
  119  7:51  Liberator, Supply Depot  
  123  7:52  Liberator  
  123  7:54  Marine x2  
  127  8:00  Marine  
  127  8:02  Marine  
  127  8:04  Marine  
  127  8:05  SCV x2  
  132  8:07  SCV  
  133  8:12  Marine x2  
  133  8:13  Siege Tank  
  133  8:14  Sensor Tower  
  133  8:16  Refinery  
  133  8:17  SCV, Refinery  
  140  8:22  SCV, Supply Depot  
  140  8:23  Supply Depot  
  141  8:29  Terran Infantry Weapons Level 2, Marine  
  141  8:33  Terran Infantry Armor Level 2  
  141  8:39  Barracks Reactor  
  141  8:42  SCV, Barracks Reactor, Marine x2  
  141  8:44  Marine x2  
  141  8:45  Supply Depot  
  141  8:46  Marine  
  144  8:55  Command Center  
  143  9:00  Marine x2  
  143  9:01  Marine x2  
  147  9:04  Marine  
  147  9:07  Siege Tank  
  151  9:12  SCV  
  152  9:17  Supply Depot  
  152  9:18  Marine x2, Supply Depot  
  152  9:19  Marine x2  
  152  9:20  Marine  
  152  9:22  Marine x2  
  159  9:30  Marine  
  150  9:31  Marine  
  150  9:35  Marine  
  150  9:36  Marine  
  150  9:37  Marine x3  
  148  9:40  Marine x2  
  141  9:48  Marine  
  141  9:49  Marine  
  115  9:53  SCV, Marine x2  
  115  9:55  Marine x2  
  115  9:57  Orbital Command, SCV  
  121  10:01  Marine x3  
  121  10:05  SCV, Marine  
  121  10:07  Marine  
  121  10:09  SCV  
  121  10:11  Marine x2  
  121  10:13  Marine  
  125  10:15  Marine  
  125  10:17  SCV  
  125  10:18  Marine  
  125  10:21  Marine, SCV  
  125  10:23  SCV  
  125  10:25  Marine  
  125  10:26  Marine  
  130  10:28  Marine  
  130  10:29  SCV  
  130  10:33  SCV  
  130  10:35  SCV  
  134  10:41  SCV  
  134  10:42  Marine  
  136  10:45  SCV  
  136  10:47  SCV  
  141  10:51  Marine x2  
  141  10:52  Marine  
  141  10:53  SCV  
  129  10:57  SCV  
  129  10:59  SCV  
Tags
 
Add a new tag
Caveats
  • Supply blocks, unpowered buildings, or Contaminate may cause inaccurate times.
  • Supply counts are checked every 10 seconds.